cohdb
Replays
Latest Replays
All Replays
Popular Replays
Top Player Replays
Match Explorer
How It Works
Community
CoH3 Stats
Reddit
Sign in to upload your games and track your stats! →
Sign in with Steam
Match 42857169
Unlisted
Match 42857169
Overview
Messages
Build Orders
End
Kradschützen Motorcycle Team
Panzergrenadier Squad
Selects Italian Combined Arms Battlegroup
Selects Bersaglieri Squad
Bersaglieri Squad
Construct Light Support Kompanie
250 Light Carrier
Selects Bersaglieri Bolster
Combat Half-tracks
Fire Support Elements
Flakvierling Half-track
Vehicle Survival Package
Selects Breda Model 30 Light Machine Guns
Pak 38 Mechanized Group
Construct Panzerarmee Kommand
Panzer III L Medium Tank
Selects Semovente da 75/18 Assault Gun
Veteran Squad Leaders
Armored Reserves
Bersaglieri Squad
Selects Strafing Run
Strafing Run
Tiger Heavy Tank
Etgo
Hk
Jarkke
Setti-Veke
rhdogs
ghetto_capitalist
Ghost
Я В ПОТОКЕ
0
0
Comments
sign in to comment!
No comments posted yet!